 Dungeon Crawl Stone Soup version 0.31-a0-187-gba352fbbf7 (webtiles) character file.

Game seed: 18182813695797278678

107 qw the Skirmisher (level 4, -1/25 HPs)
             Began as a Deep Elf Hunter on June 22, 2023.
             Slain by an orc
             ... wielding a +1 war axe of electrocution
              (3 damage)
             ... on level 4 of the Dungeon.
             The game lasted 00:00:54 (2200 turns).

qw the Skirmisher (Deep Elf Hunter)                 Turns: 2200, Time: 00:00:55

Health: -1/25      AC:  6    Str: 10    XL:     4   Next: 57%
Magic:  6/6        EV: 11    Int: 14    God:
Gold:   92         SH:  0    Dex: 18    Spells: 3/3 levels left

rFire   + . .        f - +0 shortbow (heavy)
rCold   . . .        (shield currently unavailable)
rNeg    . . .        g - +0 ring mail
rPois   .            (no helmet)
rElec   .            i - +0 cloak
rCorr   +            (no gloves)
SInv    +            (no boots)
Will    .....        (no amulet)
Stlth   +            k - ring of see invisible
HPRegen 0.24/turn    e - ring "Kyah" {rF+ rCorr}
MPRegen 0.10/turn

%: no passive effects
@: no status effects
A: no striking features
a: no special abilities


You were on level 4 of the Dungeon.
You visited 1 branch of the dungeon, and saw 4 of its levels.

You collected 92 gold pieces.


   Skills:
 - Level 1.5 Fighting
 + Level 8.0 Ranged Weapons
 - Level 2.4 Dodging
 - Level 1.2 Stealth


You had 3 spell levels left.
You didn't know any spells.
Your spell library was empty.

Inventory:

Hand Weapons
 f - a +0 heavy shortbow (weapon)
Armour
 g - a +0 ring mail (worn)
 i - a +0 cloak (worn)
Jewellery
 e - the ring "Kyah" (right hand) {rF+ rCorr}
   (You acquired it on level 2 of the Dungeon)

   [ring of resist corrosion]

   rF:        It protects you from fire.
   rCorr:     It protects you from acid and corrosion.
 k - a ring of see invisible (left hand)
Scrolls
 a - a scroll of identify
Potions
 b - a potion of resistance
 c - a potion of heal wounds
 d - a potion of cancellation {unknown}
 h - 5 potions of curing
 j - a potion of ambrosia {unknown}
 l - a potion of attraction {unknown}
 m - a potion of might {unknown}
 n - a potion of berserk rage {unknown}
 p - a potion of mutation {unknown}

Dungeon Overview and Level Annotations

Branches:
Dungeon (4/15)
 Temple: D:4-7

Altars:


Message History

2179 ||| READING 3 scrolls of identify.
As you read the scroll of identify, it crumbles to dust.
b - a potion of resistance
2179 ||| IDENTIFYING fizzy golden potion Done exploring.
2180 ||| READING 2 scrolls of identify.
As you read the scroll of identify, it crumbles to dust.
c - a potion of heal wounds;
2180 ||| IDENTIFYING grey potion Done exploring.
(D) Dungeon
Where to? (* - list waypoints, Enter - D:3, ? - help)
What level of the Dungeon? (default 1, ? - help)
There is a stone staircase leading down here.
You climb downwards.
The endoplasm quivers.
There is a stone staircase leading up here.
There are monsters nearby!
Waypoint 3 assigned to D:4.
You shoot an arrow. The arrow hits the endoplasm!
You kill the endoplasm!
The hobgoblin shouts!
The orc shouts!
You shoot an arrow. The arrow closely misses the phantom.
The arrow hits the hobgoblin but does no damage.
You shoot an arrow. The arrow closely misses the phantom.
The phantom hits you but does no damage.
The hobgoblin hits you.
A phantom comes into view.
The phantom closely misses you. The orc barely misses you.
You shoot an arrow. The arrow hits the phantom!
The phantom is moderately damaged.
The orc barely misses you. The phantom closely misses you.
The hobgoblin closely misses you.
You shoot an arrow. The arrow misses the phantom.
The phantom barely misses you. The orc hits you but does no damage.
You are electrocuted!
The hobgoblin closely misses you. The hobgoblin hits you.
The phantom closely misses you. The orc hits you but does no damage.
You are electrocuted!
Ouch! That really hurt!
2200 ||| STAIRDANCE The orc hits you with a +1 war axe of electrocution.
You die...

######+#######
.............##
...............
.............
#...........
#..gWo....#
#@W..#
#####.... .


You could see 2 phantoms, an orc and a hobgoblin.

Vanquished Creatures
  3 adders
  3 gnolls (D:3)
  A worm (D:2)
  A dart slug (D:1)
  An orc (D:3)
  6 ball pythons
  3 bats
  3 endoplasms
  3 giant cockroaches
  3 goblins
  4 hobgoblins
  5 kobolds
  A quokka (D:1)
  4 frilled lizards
  4 rats
45 creatures vanquished.

Notes
Turn   | Place    | Note
-------+----------+-------------------------------------------
     0 | D:1      | qw the Deep Elf Hunter began the quest for the Orb.
     0 | D:1      | Reached XP level 1. HP: 12/12 MP: 3/3
     0 | D:1      | 0 ||| qw: Version: 0.3-a-9-g12657ce
     0 | D:1      | 0 ||| qw: Game counter: 2554
     0 | D:1      | 0 ||| qw: Always use a shield: true
     0 | D:1      | 0 ||| qw: God list: Okawaru
     0 | D:1      | 0 ||| qw: Allow faded altars: false
     0 | D:1      | 0 ||| qw: Do Orc after D:15 true
     0 | D:1      | 0 ||| qw: Do second Lair branch before Depths: true
     0 | D:1      | 0 ||| qw: Lair rune preference: random
     0 | D:1      | 0 ||| qw: Plans: Normal
     0 | D:1      | 0 ||| PLANNING D:1-11
   153 | D:1      | Reached skill level 6 in Ranged Weapons
   153 | D:1      | Reached XP level 2. HP: 9/16 MP: 4/4
   153 | D:1      | 153 ||| FLEEEEING.
   155 | D:1      | 155 ||| FLEEEEING.
   156 | D:1      | 156 ||| FLEEEEING.
   157 | D:1      | 157 ||| FLEEEEING.
   158 | D:1      | 158 ||| FLEEEEING.
   159 | D:1      | 159 ||| FLEEEEING.
   160 | D:1      | 160 ||| FLEEEEING.
   161 | D:1      | 161 ||| FLEEEEING.
   162 | D:1      | 162 ||| FLEEEEING.
   163 | D:1      | 163 ||| FLEEEEING.
   164 | D:1      | 164 ||| FLEEEEING.
   165 | D:1      | 165 ||| FLEEEEING.
   166 | D:1      | 166 ||| FLEEEEING.
   167 | D:1      | 167 ||| FLEEEEING.
   168 | D:1      | 168 ||| FLEEEEING.
   169 | D:1      | 169 ||| FLEEEEING.
   170 | D:1      | 170 ||| FLEEEEING.
   171 | D:1      | 171 ||| FLEEEEING.
   172 | D:1      | 172 ||| FLEEEEING.
   173 | D:1      | 173 ||| FLEEEEING.
   174 | D:1      | 174 ||| FLEEEEING.
   175 | D:1      | 175 ||| FLEEEEING.
   599 | D:1      | 599 ||| UPGRADING to +0 scale mail.
   609 | D:1      | 609 ||| DROPPING +0 leather armour.
   610 | D:1      | 610 ||| UPGRADING to +0 ring mail.
   620 | D:1      | 620 ||| DROPPING +0 scale mail.
   621 | D:1      | 621 ||| UPGRADING to +0 cloak.
   626 | D:1      | 626 ||| READING scroll labelled AGHYTH FYCS.
   627 | D:1      | 627 ||| DRINKING 2 golden potions.
   628 | D:1      | 628 ||| DROPPING scroll of butterflies.
   723 | D:2      | You fall into a shaft and drop 1 floor!
   732 | D:3      | 732 ||| READING scroll labelled ZINAPH WICAI.
   894 | D:2      | Reached XP level 3. HP: 20/20 MP: 5/5
  1264 | D:2      | Reached skill level 7 in Ranged Weapons
  1392 | D:2      | 1392 ||| UPGRADING to ring of see invisible.
  1393 | D:2      | 1393 ||| READING scroll labelled HUM BECWUUPA.
  1394 | D:2      | 1394 ||| READING scroll labelled PENEFARCHIM.
  1394 | D:2      | Identified a scroll of acquirement
  1394 | D:2      | 1394 ||| ACQUIRING ring "Kyah" {rF+ rCorr}
  1394 | D:2      | Acquired the ring "Kyah" {rF+ rCorr}
  1396 | D:2      | 1396 ||| UPGRADING to ring "Kyah" {rF+ rCorr}.
  1397 | D:2      | 1397 ||| READING scroll labelled RAJUMA OMNOY.
  1398 | D:2      | 1398 ||| READING scroll labelled ILIGAI XAGU.
  1400 | D:2      | 1400 ||| Stepping ~*~*~tactically~*~*~ (cloud).
  1400 | D:2      | HP: 2/20 [poisoned by you (poison gas)]
  1401 | D:2      | 1401 ||| DRINKING 4 potions of curing.
  1401 | D:2      | 1401 ||| (to cure poison)
  1562 | D:3      | Reached XP level 4. HP: 25/25 MP: 6/6
  1617 | D:3      | HP: 5/25 [gnoll/+0 halberd (7)]
  1842 | D:3      | Reached skill level 8 in Ranged Weapons
  2177 | D:3      | 2177 ||| READING scroll labelled MUDUOC JAUSSE.
  2178 | D:3      | 2178 ||| READING scroll labelled MIAWIG DOZE.
  2179 | D:3      | 2179 ||| READING 3 scrolls of identify.
  2179 | D:3      | 2179 ||| IDENTIFYING fizzy golden potion
  2180 | D:3      | 2180 ||| READING 2 scrolls of identify.
  2180 | D:3      | 2180 ||| IDENTIFYING grey potion
  2194 | D:4      | Noticed a phantom
  2197 | D:4      | Noticed a phantom
  2199 | D:4      | HP: 1/25 [orc/+1 war axe of electrocution (13)]
  2200 | D:4      | 2200 ||| STAIRDANCE
  2200 | D:4      | Slain by an orc

Levels and vault maps discovered:
D:1:      dpeg_arrival_simpleton_c, layout_basic, serial_forest,
          infiniplex_forest_lined_room_2, infiniplex_forest_corner_1,
          infiniplex_forest_end_3, infiniplex_forest_corner_1,
          infiniplex_forest_end_2
D:2:      layout_basic
D:3:      layout_loops_ring, grunt_decor_mini_mirrors
D:4:      layout_basic, nicolae_ashenzari_panopticon, serial_shops,
          nicolae_shop_tiny_statue_garden, nicolae_shop_trees, uniq_ijyb,
          uniq_pikel, uniq_natasha

Skill      XL: |  1  2  3  4 |
---------------+-------------+-----
Ranged Weapons | 6 7 8 |  8.0
Fighting       | |  1.5
Dodging        | |  2.4
Stealth        | |  1.2

Action                     |  1- 3 |  4- 6 || total
---------------------------+-------+-------++-------
   Fire: Shortbow          |    92 |    30 ||   122
    Use: Scroll            |     6 |     4 ||    10
         Potion            |     2 |       ||     2
 Armour: Leather armour    |     2 |       ||     2
         Ring mail         |     9 |     4 ||    13
  Dodge: Dodged            |    19 |    23 ||    42

Table legend:
 A = Non-vault XP
 B = Vault XP
 C = Vault XP percentage of total XP
 D = Non-vault monster count
 E = Vault monster count
 F = Vault count percentage of total count
                 A         B        C        D         E       F
            +---------+---------+-------+---------+---------+-------
      Total |     154 |       0 |   0.0 |      45 |       0 |   0.0
            +---------+---------+-------+---------+---------+-------
        D:1 |      29 |       0 |   0.0 |      16 |       0 |   0.0
        D:2 |      41 |       0 |   0.0 |      15 |       0 |   0.0
        D:3 |      82 |       0 |   0.0 |      13 |       0 |   0.0
        D:4 |       2 |       0 |   0.0 |       1 |       0 |   0.0
            +---------+---------+-------+---------+---------+-------
